 Dungeon Crawl Stone Soup version 0.28.0-53-g5a82cb258f (webtiles) character file.

Game seed: 13719311859390321129

2112 Jerry the Slicer (level 9, -12/78 HPs)
             Began as a Kobold Berserker on July 29, 2022.
             Was an Elder of Trog.
             Mangled by an ogre
             ... wielding a +0 giant club
              (18 damage)
             ... on level 6 of the Dungeon.
             The game lasted 00:22:40 (6114 turns).

Jerry the Slicer (Kobold Berserker)                 Turns: 6114, Time: 00:22:42

Health: -12/78     AC: 10    Str: 16    XL:     9   Next: 53%
Magic:  9/9        EV: 17    Int:  9    God:    Trog [****..]
Gold:   382        SH:  0    Dex: 16    Spells: 8/8 levels left

rFire   . . .      SeeInvis .   r - +2 short sword (speed)
rCold   + . .      Faith    .   (no shield)
rNeg    . . .      Spirit   .   a - +0 leather armour
rPois   .          Reflect  .   (no helmet)
rElec   .          Harm     .   q - +2 cloak
rCorr   .          Rampage  .   (no gloves)
Will    .....                   (no boots)
Stlth   ..........              (no amulet)
HPRegen 0.23/turn               j - +4 ring of protection
MPRegen 0.11/turn               s - ring of protection from cold

@: berserking, very quick
A: small, no large weapons, nightstalker 3
a: Renounce Religion, Berserk, Trog's Hand, Brothers in Arms


You were on level 6 of the Dungeon.
You worshipped Trog.
Trog was greatly pleased with you.
You visited 1 branch of the dungeon, and saw 6 of its levels.

You collected 418 gold pieces.
You spent 36 gold pieces at shops.

Inventory:

Hand Weapons
 f - a +2 dagger of protection
 k - a +1 short sword of draining
 r - a +2 short sword of speed (weapon)
 t - a +2 dagger of electrocution
Missiles
 e - a throwing net (quivered)
Armour
 a - a +0 leather armour (worn)
 m - a +0 buckler
 o - a +0 ring mail of cold resistance
 q - a +2 cloak (worn)
Jewellery
 j - a +4 ring of protection (left hand)
 s - a ring of protection from cold (right hand)
Scrolls
 b - 3 scrolls of blinking
 c - 4 scrolls of identify
 d - 4 scrolls of teleportation
 g - 2 scrolls of enchant weapon
Potions
 h - 2 potions of might
 i - 2 potions of heal wounds
 l - a potion of resistance
 n - 3 potions of mutation
 p - 4 potions of haste


   Skills:
 - Level 4.2 Fighting
 + Level 8.0 Short Blades
 + Level 4.5 Armour
 + Level 6.7 Dodging
 + Level 7.5 Stealth
 + Level 3.8 Shields


You had 8 spell levels left.
You didn't know any spells.
Your spell library was empty.

Dungeon Overview and Level Annotations

Branches:
Dungeon (6/15)
 Temple: D:4-7

Altars:
Elyvilon
Qazlal

Shops:
D:1 !   D:3 :?(:!

Annotations:
D:5 2 transporters


Innate Abilities, Weirdness & Mutations

You are small and have problems with some larger weapons.
You are completely attuned to the shadows.


Message History

The ogre hits you with a +0 giant club.
You hit the two-headed ogre.
The two-headed ogre is heavily wounded.
You puncture the two-headed ogre!
The two-headed ogre is severely wounded.
The two-headed ogre hits you with a +2 vorpal dire flail!
The two-headed ogre hits you but does no damage.
You hit the two-headed ogre.
The two-headed ogre is almost dead.
You hit the two-headed ogre.
The two-headed ogre is almost dead.
The ogre closely misses you.
You hit the two-headed ogre.
The two-headed ogre is almost dead.
You barely miss the two-headed ogre.
The two-headed ogre is almost dead.
The two-headed ogre hits you with a +2 vorpal dire flail!!
* * * LOW HITPOINT WARNING * * *
x2 The two-headed ogre misses you.
You puncture the two-headed ogre!
You kill the two-headed ogre!
Trog accepts your kill.
Your Short Blades skill increases to level 8!
Your Stealth skill increases to level 7!
You hit the ogre.
The ogre is lightly wounded.
The ogre closely misses you.
You puncture the ogre!
The ogre is moderately wounded.
The bullfrog skeleton hits you.
* * * LOW HITPOINT WARNING * * *
You puncture the ogre!
The ogre is severely wounded.
You puncture the ogre!
The ogre is almost dead.
You barely miss the ogre.
The ogre is almost dead.
The bullfrog skeleton hits you but does no damage.
The ogre hits you with a +0 giant club!!
You die...

#.....#. ≈.^≈.## #.#
#......# ^. .# #.#
#..[..#. ≈.. .# #.#
##....# ..^###(# #.#
###...###
.§≈.§≈.≈########.#
##.......#
###..§.............#
..........
.....###.###########
##.......#
...Z[###.# ###......
..oO@....# ###...###
''###.#### ........#
#.# ....<.### #.#
##......+ '.#
#......+ #.....##
.#...##


You could see an ogre, an orc and a bullfrog skeleton.

Vanquished Creatures
  A two-headed ogre (D:6)
  A hornet (D:6)
  Sigmund (D:2)
  A hornet zombie (D:6)
  A sky beast (D:5)
  An ogre (D:4)
  A centaur (D:5)
  A phantom (D:6)
  A kobold brigand (D:5)
  A gnoll sergeant (D:5)
  A scorpion (D:4)
  A bullfrog zombie (D:6)
  2 hounds (D:5)
  Crazy Yiuf (D:3)
  An orc priest (D:6)
  A jelly (D:6)
  2 centaur skeletons
  3 orc wizards
  A hound skeleton (D:2)
  11 gnolls
  3 adders
  2 worms
  3 dart slugs
  17 orcs
  3 endoplasms
  A giant cockroach (D:1)
  10 goblins
  11 hobgoblins
  5 jackals
  13 kobolds
  4 quokkas
  7 ball pythons
  8 bats
  2 frilled lizards
  9 rats
132 creatures vanquished.

Vanquished Creatures (others)
  8 plants (D:6)
8 creatures vanquished.

Grand Total: 140 creatures vanquished

Notes
Turn   | Place    | Note
-------+----------+-------------------------------------------
     0 | D:1      | Jerry the Kobold Berserker began the quest for the Orb.
     0 | D:1      | Reached XP level 1. HP: 14/14 MP: 1/1
   184 | D:1      | Reached XP level 2. HP: 8/19 MP: 2/2
   463 | D:1      | Reached skill level 1 in Stealth
   581 | D:1      | Found Koppuhu's Distillery.
   867 | D:1      | Reached XP level 3. HP: 23/23 MP: 3/3
  1537 | D:2      | Reached ** piety under Trog
  1538 | D:2      | Reached XP level 4. HP: 24/29 MP: 4/4
  2063 | D:2      | Identified the +6 spear of the Jester {vorpal, *Noise Will-
                  | Str+9 Int+3}
  2099 | D:2      | Noticed Sigmund
  2384 | D:2      | Killed Sigmund
  2385 | D:2      | Reached skill level 5 in Short Blades
  2385 | D:2      | Reached skill level 1 in Shields
  2385 | D:2      | Reached XP level 5. HP: 33/33 MP: 5/5
  2385 | D:2      | Reached XP level 6. HP: 38/38 MP: 6/6
  2534 | D:3      | Found Elese's Distillery.
  2899 | D:3      | Found Mibef's Book Boutique.
  2932 | D:3      | Found a runed translucent door.
  2935 | D:3      | Noticed Crazy Yiuf
  2940 | D:3      | Killed Crazy Yiuf
  3004 | D:3      | Found Wetov's Weapon Shop.
  3173 | D:3      | Found Osaetaq's Magic Scroll Shop.
  3183 | D:3      | Found Jorer's Book Shoppe.
  3294 | D:3      | Bought a scroll of teleportation for 36 gold pieces
  3440 | D:4      | Found a white marble altar of Elyvilon.
  3440 | D:4      | Noticed an ogre
  3450 | D:4      | Killed an ogre
  3451 | D:4      | Reached XP level 7. HP: 43/43 MP: 7/7
  3710 | D:4      | Reached *** piety under Trog
  4500 | D:5      | Entered Level 5 of the Dungeon
  4622 | D:5      | Found a transporter.
  4636 | D:5      | Found a transporter.
  4680 | D:5      | Reached skill level 6 in Short Blades
  5018 | D:5      | Reached skill level 5 in Stealth
  5021 | D:5      | Reached skill level 5 in Dodging
  5021 | D:5      | Reached XP level 8. HP: 48/48 MP: 8/8
  5612 | D:6      | Noticed a hornet
  5623 | D:6      | Killed a hornet
  5624 | D:6      | Reached skill level 7 in Short Blades
  5735 | D:6      | Reached XP level 9. HP: 45/52 MP: 9/9
  5964 | D:6      | Reached **** piety under Trog
  6058 | D:6      | Found a stormy altar of Qazlal.
  6095 | D:6      | Noticed a two-headed ogre
  6109 | D:6      | Killed a two-headed ogre
  6110 | D:6      | Reached skill level 8 in Short Blades
  6114 | D:6      | Mangled by an ogre

Illustrated notes

Levels and vault maps discovered:
D:1:      lightli_arrival_lavapool, layout_basic, serial_shops, shop,
          corexii_corridor_pit, minmay_small_reverse_x
D:2:      layout_loops_cross, minmay_fractal_squares_5, uniq_sigmund
D:3:      layout_loops_ring, serial_shops, shop, nicolae_diamond_shop, shop,
          nicolae_shop_hallway_stairs, shop_coins, guppyfry_early_orc_mine,
          uniq_crazy_yiuf_cottage
D:4:      layout_loops_ring, lemuel_round_altar
D:5:      gammafunk_steamed_eel, layout_basic
D:6:      layout_loops_ring, grunt_dithmenos_smoke_and_mirrors,
          grunt_qazlal_sundering, minmay_temple_entry_gardened_gates,
          kennysheep_generic_room_12

Skill      XL: |  1  2  3  4  5  6  7  8  9 |
---------------+----------------------------+-----
Stealth        | 1 2 3 4 5 6 7 |  7.5
Armour         | 2 3 4 |  4.5
Dodging        | 3 4 5 6 |  6.7
Fighting       | 4 |  4.2
Short Blades   | 5 6 7 8 |  8.0
Shields        | 1 2 3 |  3.8

Action                   |  1- 3 |  4- 6 |  7- 9 || total
-------------------------+-------+-------+-------++-------
Melee: Short sword       |    39 |    18 |   311 ||   368
       Punch             |     3 |       |     6 ||     9
       Dagger            |    92 |   100 |       ||   192
Invok: Berserk           |     1 |     2 |     5 ||     8
  Use: Scroll            |       |     8 |     3 ||    11
 Stab: Sleeping          |     4 |    11 |     7 ||    22
       Distracted        |       |       |     1 ||     1
Armor: Animal skin       |    40 |     3 |       ||    43
       Leather armour    |       |    17 |    63 ||    80
Dodge: Dodged            |    97 |    52 |   148 ||   297
